3AA
BATTLE GROUND AEROS @ SAN ANTONIO BC
09/16/2021
 
TOP OF THE 1ST
Battle Ground Aeros batting - Pitching for San Antonio BC : RHP Pedro Cervantes
Pitching: RHP Pedro Cervantes
Batting: LHB Jim Unknown 0-0: Ball
1-0: Fly out, F9 (Flyball, 9D)
Batting: RHB Jim Unknown 0-0: Fly out, F8 (Flyball, 8LS)
Batting: RHB Jorge Rivera 0-0: Fly out, F7 (Flyball, 7D)
Top of the 1st over - 0 run(s), 0 hit(s), 0 error(s), 0 left on base; Battle Ground 0 - San Antonio 0
BOTTOM OF THE 1ST
San Antonio BC batting - Pitching for Battle Ground Aeros : LHP Phil Hanson
Pitching: LHP Phil Hanson
Batting: RHB Albert Delgado 0-0: Ball
1-0: Ball
2-0: Foul Ball, location: 2F
2-1: Ball
3-1: Base on Balls
Batting: LHB Miguel García 0-0: Called Strike
0-1: Ball
1-1: Ball
2-1: Ball
3-1: Base on Balls
Albert Delgado to second
Batting: RHB Orlando Padilla 0-0: Ball
1-0: Ball
2-0: 3-RUN HOME RUN (Line Drive, 78XD), Distance : 432 ft
Batting: RHB Pedro Sánchez 0-0: Ball
1-0: Ball
2-0: Foul Ball, location: 2F
2-1: Foul Ball, location: 2F
2-2: Foul Ball, location: 2F
2-2: Ball
3-2: Foul Ball, location: 2F
3-2: Base on Balls
Batting: RHB Carlos Vega 0-0: Ball
1-0: Called Strike
1-1: Fly out, F7 (Flyball, 78S)
Batting: RHB Martín Álvarez 0-0: Ball
1-0: Called Strike
1-1: Swinging Strike
1-2: Strikes out swinging
Batting: SHB Mike Peña 0-0: Ball
1-0: Foul Ball, location: 2F
1-1: Called Strike
1-2: Strikes out swinging
Bottom of the 1st over - 3 run(s), 1 hit(s), 0 error(s), 1 left on base; Battle Ground 0 - San Antonio 3
TOP OF THE 2ND
Battle Ground Aeros batting - Pitching for San Antonio BC : RHP Pedro Cervantes
Batting: RHB Artie Miller 0-0: Called Strike
0-1: Ball
1-1: Ball
2-1: Ball
3-1: Called Strike
3-2: Base on Balls
Batting: RHB Jim Unknown 0-0: Ball
1-0: Ball
2-0: Foul Ball, location: 2F
2-1: Foul Ball, location: 2F
2-2: Strikes out looking
Batting: LHB Jim Unknown 0-0: Ball
1-0: Ball
2-0: Called Strike
2-1: Swinging Strike
2-2: Foul Ball, location: 2F
2-2: Ball
3-2: Reached on error, E6 (Groundball, 6)
Artie Miller to second
Batting: RHB Jim Unknown 0-0: Fielders Choice at 2nd, 4-6 (Groundball, 4)
Artie Miller to third
Batting: RHB Jim Unknown 0-0: Swinging Strike
0-1: Swinging Strike
0-2: Strikes out swinging
Top of the 2nd over - 0 run(s), 0 hit(s), 1 error(s), 2 left on base; Battle Ground 0 - San Antonio 3
BOTTOM OF THE 2ND
San Antonio BC batting - Pitching for Battle Ground Aeros : LHP Phil Hanson
Batting: LHB Enrique Sánchez 0-0: Called Strike
0-1: Swinging Strike
0-2: Strikes out looking
Batting: LHB Álex Ramírez 0-0: Ball
1-0: Ball
2-0: Ball
3-0: Base on Balls
Batting: RHB Albert Delgado 0-0: Called Strike
0-1: Ball
1-1: Foul Ball, location: 2F
1-2: Strikes out swinging
Batting: LHB Miguel García 0-0: Called Strike
0-1: Ball
Álex Ramírez is caught stealing 2nd base
Bottom of the 2nd over - 0 run(s), 0 hit(s), 0 error(s), 0 left on base; Battle Ground 0 - San Antonio 3
TOP OF THE 3RD
Battle Ground Aeros batting - Pitching for San Antonio BC : RHP Pedro Cervantes
Batting: RHB Raúl Guerrero 0-0: SINGLE (Line Drive, 4MD)
Batting: LHB Jim Unknown 0-0: Fly out, F7 (Line Drive, 78S)
Batting: RHB Jim Unknown 0-0: Ball
1-0: Ball
2-0: Fly out, F9 (Flyball, 89D)
Batting: RHB Jorge Rivera 0-0: Ball
1-0: Foul Ball, location: 2F
1-1: Ball
Raúl Guerrero steals 2nd base
2-1: Fly out, F4 (Popup, 3D)
Top of the 3rd over - 0 run(s), 1 hit(s), 0 error(s), 1 left on base; Battle Ground 0 - San Antonio 3
BOTTOM OF THE 3RD
San Antonio BC batting - Pitching for Battle Ground Aeros : LHP Phil Hanson
Batting: LHB Miguel García 0-0: Called Strike
0-1: Fly out, F9 (Line Drive, 89M)
Batting: RHB Orlando Padilla 0-0: Reached on error, E6 (Groundball, 6M)
Batting: RHB Pedro Sánchez 0-0: Called Strike
0-1: Ball
1-1: Ball
2-1: Ball
3-1: Base on Balls
Batting: RHB Carlos Vega 0-0: Ground out 3-1 (Groundball, 34)
Orlando Padilla to third
Pedro Sánchez to second
Batting: RHB Martín Álvarez 0-0: Ball
1-0: Foul Ball, location: 2F
1-1: SINGLE (Groundball, 4MD)
Orlando Padilla scores
Pedro Sánchez to third
Runner from 3rd tries for Home, throw and OUT!
Bottom of the 3rd over - 1 run(s), 1 hit(s), 1 error(s), 1 left on base; Battle Ground 0 - San Antonio 4
TOP OF THE 4TH
Battle Ground Aeros batting - Pitching for San Antonio BC : RHP Pedro Cervantes
Batting: RHB Artie Miller 0-0: Called Strike
0-1: Ball
1-1: Swinging Strike
1-2: Strikes out swinging
Batting: RHB Jim Unknown 0-0: Ball
1-0: Ball
2-0: Ball
3-0: Called Strike
3-1: Foul Ball, location: 2F
3-2: Strikes out swinging
Batting: LHB Jim Unknown 0-0: Ball
1-0: Called Strike
1-1: SINGLE (Groundball, 13) (infield hit)
Batting: RHB Jim Unknown 0-0: Ball
1-0: Swinging Strike
1-1: Foul Ball, location: 2F
1-2: Strikes out swinging
Top of the 4th over - 0 run(s), 1 hit(s), 0 error(s), 1 left on base; Battle Ground 0 - San Antonio 4
BOTTOM OF THE 4TH
San Antonio BC batting - Pitching for Battle Ground Aeros : LHP Phil Hanson
Batting: SHB Mike Peña 0-0: Foul Ball, location: 2F
0-1: Foul Ball, location: 2F
0-2: Strikes out swinging
Batting: LHB Enrique Sánchez 0-0: Foul Ball, location: 2F
0-1: Ball
1-1: Ball
2-1: Ball
3-1: Foul Ball, location: 2F
3-2: Foul Ball, location: 2F
3-2: Base on Balls
Batting: LHB Álex Ramírez 0-0: Ball
1-0: Swinging Strike
1-1: Fielders Choice at 2nd, 4-6 (Groundball, 34)
Batting: RHB Albert Delgado 0-0: Ball
1-0: Fly out, F8 (Flyball, 78D)
Bottom of the 4th over - 0 run(s), 0 hit(s), 0 error(s), 1 left on base; Battle Ground 0 - San Antonio 4
TOP OF THE 5TH
Battle Ground Aeros batting - Pitching for San Antonio BC : RHP Pedro Cervantes
Batting: RHB Jim Unknown 0-0: Fly out, F5 (Line Drive, 56)
Batting: RHB Raúl Guerrero 0-0: Ball
1-0: Called Strike
1-1: Called Strike
1-2: Foul Ball, location: 2F
1-2: Foul Ball, location: 2F
1-2: Strikes out swinging
Batting: LHB Jim Unknown 0-0: Ball
1-0: Called Strike
1-1: Foul Ball, location: 2F
1-2: Ball
2-2: Strikes out swinging
Top of the 5th over - 0 run(s), 0 hit(s), 0 error(s), 0 left on base; Battle Ground 0 - San Antonio 4
BOTTOM OF THE 5TH
San Antonio BC batting - Pitching for Battle Ground Aeros : LHP Phil Hanson
Batting: LHB Miguel García 0-0: Called Strike
0-1: Ball
1-1: Ball
2-1: Foul Ball, location: 2F
2-2: Foul Ball, location: 2F
2-2: DOUBLE (Line Drive, 7M)
Batting: RHB Orlando Padilla 0-0: Intentional Walk
Batting: RHB Pedro Sánchez 0-0: Grounds into double play, 5-4-3 (Groundball, 5)
Miguel García to third
Batting: RHB Carlos Vega 0-0: Called Strike
0-1: Called Strike
0-2: Fly out, F8 (Flyball, 8RD)
Bottom of the 5th over - 0 run(s), 1 hit(s), 0 error(s), 1 left on base; Battle Ground 0 - San Antonio 4
TOP OF THE 6TH
Battle Ground Aeros batting - Pitching for San Antonio BC : RHP Pedro Cervantes
Batting: RHB Jim Unknown 0-0: Ball
1-0: Swinging Strike
1-1: Swinging Strike
1-2: Ball
2-2: Ball
3-2: Strikes out looking
Batting: RHB Jorge Rivera 0-0: Swinging Strike
0-1: Ball
1-1: Ground out 4-3 (Groundball, 4)
Batting: RHB Artie Miller 0-0: Ground out 3-1 (Groundball, 34S)
Top of the 6th over - 0 run(s), 0 hit(s), 0 error(s), 0 left on base; Battle Ground 0 - San Antonio 4
BOTTOM OF THE 6TH
San Antonio BC batting - Pitching for Battle Ground Aeros : LHP Phil Hanson
Batting: RHB Martín Álvarez 0-0: Called Strike
0-1: Called Strike
0-2: Strikes out swinging
Batting: SHB Mike Peña 0-0: Ball
1-0: DOUBLE (Line Drive, 7LS)
Pitching: RHP Will Benton
Batting: LHB Enrique Sánchez 0-0: Intentional Walk
Batting: LHB Álex Ramírez 0-0: Called Strike
0-1: Ball
1-1: Grounds into double play, 4-6-3 (Groundball, 4)
Bottom of the 6th over - 0 run(s), 1 hit(s), 0 error(s), 1 left on base; Battle Ground 0 - San Antonio 4
TOP OF THE 7TH
Battle Ground Aeros batting - Pitching for San Antonio BC : RHP Pedro Cervantes
Batting: RHB Jim Unknown 0-0: Ball
1-0: Swinging Strike
1-1: Called Strike
1-2: Foul Ball, location: 2F
1-2: Strikes out swinging
Batting: LHB Jim Unknown 0-0: Called Strike
0-1: Ball
1-1: Ball
2-1: Foul Ball, location: 2F
2-2: Ball
3-2: Fly out, F8 (Flyball, 78M)
Batting: RHB Jim Unknown 0-0: Called Strike
0-1: Foul Ball, location: 2F
0-2: Ball
1-2: Fly out, F8 (Flyball, 8LS)
Top of the 7th over - 0 run(s), 0 hit(s), 0 error(s), 0 left on base; Battle Ground 0 - San Antonio 4
BOTTOM OF THE 7TH
San Antonio BC batting - Pitching for Battle Ground Aeros : RHP Will Benton
Batting: RHB Albert Delgado 0-0: Ball
1-0: Ball
2-0: Called Strike
2-1: Foul Ball, location: 2F
2-2: Ball
3-2: Ground out 5-3 (Groundball, 5L)
Batting: LHB Miguel García 0-0: Foul Ball, location: 2F
0-1: Ball
1-1: Called Strike
1-2: Foul Ball, location: 2F
1-2: Strikes out swinging
Batting: RHB Orlando Padilla 0-0: Foul Ball, location: 2F
0-1: Called Strike
0-2: SOLO HOME RUN (Flyball, 8RXD), Distance : 435 ft
Batting: RHB Pedro Sánchez 0-0: Foul Ball, location: 2F
0-1: Swinging Strike
0-2: Ball
1-2: Foul Ball, location: 2F
1-2: Ball
2-2: Ball
3-2: Strikes out swinging
Bottom of the 7th over - 1 run(s), 1 hit(s), 0 error(s), 0 left on base; Battle Ground 0 - San Antonio 5
TOP OF THE 8TH
Battle Ground Aeros batting - Pitching for San Antonio BC : RHP Pedro Cervantes
Pitching: RHP Pedro Poey
Batting: RHB Jim Unknown 0-0: Called Strike
0-1: Foul Ball, location: 2F
0-2: Ball
1-2: Ball
2-2: Ball
3-2: Ground out 5-3 (Groundball, 56)
Batting: RHB Raúl Guerrero 0-0: Ball
1-0: SINGLE (Line Drive, 6D)
Batting: LHB Jim Unknown 0-0: Ball
1-0: SINGLE (Groundball, 56D)
Raúl Guerrero to second
Batting: RHB Jim Unknown 0-0: Ball
1-0: Called Strike
1-1: Grounds into double play, 5-4-3 (Groundball, 56)
Top of the 8th over - 0 run(s), 2 hit(s), 0 error(s), 1 left on base; Battle Ground 0 - San Antonio 5
BOTTOM OF THE 8TH
San Antonio BC batting - Pitching for Battle Ground Aeros : RHP Will Benton
Batting: RHB Carlos Vega 0-0: Fly out, F4 (Line Drive, 4)
Batting: RHB Martín Álvarez 0-0: Fly out, F9 (Flyball, 9S)
Batting: SHB Mike Peña 0-0: Fly out, F5 (Popup, 5SF)
Bottom of the 8th over - 0 run(s), 0 hit(s), 0 error(s), 0 left on base; Battle Ground 0 - San Antonio 5
TOP OF THE 9TH
Battle Ground Aeros batting - Pitching for San Antonio BC : RHP Pedro Poey
Now in LF: Keith Gardner
Batting: RHB Jorge Rivera 0-0: Swinging Strike
0-1: Ground out 6-3 (Groundball, 6M)
Batting: RHB Artie Miller 0-0: Ball
1-0: Called Strike
1-1: Swinging Strike
1-2: Strikes out looking
Batting: RHB Jim Unknown 0-0: Ball
1-0: Foul Ball, location: 2F
1-1: Ball
2-1: Foul Ball, location: 2F
2-2: Ball
3-2: Base on Balls
Batting: LHB Jim Unknown 0-0: Ball
1-0: Called Strike
1-1: Ground out 5-3 (Groundball, 56S)
Top of the 9th over - 0 run(s), 0 hit(s), 0 error(s), 1 left on base; Battle Ground 0 - San Antonio 5
This league is powered by Out of the Park Baseball, the baseball management simulation game for PC, Mac and Linux
Friday, January 22nd, 2016 - OOTP Baseball 16.9 Build 39